 Dungeon Crawl Stone Soup version 0.19-a0-1686-g35356ef (webtiles) character file.

139204 Amnesiac the Bludgeoner (level 17, 0/198 HPs)
             Began as an Ogre Monk on Sept 25, 2016.
             Was an Initiate of Gozag.
             Killed by divine providence
             ... invoked by Saint Roka
              (16 damage)
             ... on level 2 of the Orcish Mines.
             The game lasted 00:43:31 (25243 turns).

Amnesiac the Bludgeoner (Ogre Monk)                Turns: 25243, Time: 00:43:31

Health: 0/198      AC: 11    Str: 20      XL:     17   Next: 28%
Magic:  17/17      EV: 22    Int:  8 (9)  God:    Gozag
Gold:   5515       SH:  0    Dex: 19      Spells: 4 memorised, 1 level left

rFire  . . .     SeeInvis .     r - +1 giant club (flame)
rCold  . . .     Gourm    .     Q - +2 robe {MR+}
rNeg   . . .     Faith    .     (shield currently unavailable)
rPois  +         Spirit   .     G - +0 hat
rElec  +         Dismiss  .     R - +2 cloak {MR+}
rCorr  +         Reflect  .     (gloves unavailable)
MR     ++++.     Harm     +     (boots unavailable)
Stlth  ++........               M - amulet of harm
                                H - ring of resist corrosion
                                C - ring of poison resistance

@: about to teleport, drained
A: unfitting armour, yellow scales 1, agile 1, magic resistance 1, regeneration
1, electricity resistance, tough skin 1
a: Potion Petition, Call Merchant, Bribe Branch, Renounce Religion


You were on level 2 of the Orcish Mines.
You worshipped Gozag.
Gozag was greatly pleased with you.
You were very full.

You visited 3 branches of the dungeon, and saw 20 of its levels.
You also visited: Bailey.

You collected 8867 gold pieces.
You spent 829 gold pieces at shops.
You paid 2523 gold pieces to Gozag.

Inventory:

Hand Weapons
 d - a +0 glaive
 j - a +3 blowgun
 r - a +1 giant club of flaming (weapon)
 w - a +0 giant spiked club of electrocution
Missiles
 a - 19 javelins of returning
 f - 5 curare-tipped needles
 i - 3 large rocks (quivered)
Armour
 G - a +0 hat (worn)
 Q - a +2 robe of magic resistance (worn)
 R - a +2 cloak of magic resistance (worn)
Jewellery
 C - a ring of poison resistance (left hand)
 H - a ring of resist corrosion (right hand)
 L - an uncursed ring of protection from cold
 M - an amulet of harm (around neck)
Wands
 h - a wand of heal wounds (6/9)
 o - a wand of paralysis (4/24)
 v - a wand of digging (15/24)
 y - a wand of iceblast (9/15)
 N - a wand of lightning (8/15)
 P - a wand of acid (7/15)
Scrolls
 e - 4 scrolls of enchant weapon
 g - 2 scrolls of vulnerability
 m - 5 scrolls of remove curse
 n - 2 scrolls of amnesia
 p - 4 scrolls of recharging
 u - a scroll of blinking
 A - 3 scrolls of enchant armour
 B - a scroll of fog
 D - a scroll of summoning
 K - 5 scrolls of teleportation
 O - a scroll of magic mapping
Potions
 k - 5 potions of heal wounds
 l - a potion of cancellation
 q - 2 potions of brilliance
 s - 3 potions of haste {unknown}
 t - 4 potions of cure mutation
 x - 2 potions of might
 z - 4 potions of curing
 I - a potion of agility
 T - a potion of flight
Books
 E - a book of Spatial Translocations

   Spells                             Type                      Level
   a - Apportation                    Translocation                1
   b - Blink                          Translocation                2
   c - Shroud of Golubria             Charms/Translocation         2
   d - Portal Projectile              Translocation                3
   e - Teleport Other                 Translocation                3
   f - Passage of Golubria            Translocation                4
Comestibles
 b - 19 beef jerkies
 c - 14 bread rations
 F - 2 fruits


   Skills:
 + Level 19.1(18.1) Fighting
 * Level 20.0(19.0) Maces & Flails
 - Level 16.0(15.0) Dodging
 - Level 1.5(0.9) Stealth


You had one spell level left.
You knew the following spells:

 Your Spells              Type           Power        Failure   Level  Hunger
a - Apportation           Tloc           #.........   43%         1    ##.....
b - Blink                 Tloc           N/A          69%         2    ###....
c - Deflect Missiles      Chrm/Air       #.........   100%        6    #######
d - Haste                 Chrm           #.......     100%        6    #######


Dungeon Overview and Level Annotations

Branches:
Dungeon (12/15)            Temple (0/1) D:5            Lair (6/6) D:10
 Shoals (0/4) Lair:3       Spider (0/4) Lair:3        Slime (0/5) Lair:6
    Orc (2/2) D:12            Elf (0/3) Orc:2

Altars:
Cheibriados
Elyvilon
Gozag
Kikubaaqudgha
Makhleb
Nemelex Xobeh
Qazlal
Trog
The Shining One
Beogh

Shops:
D:8 ?%!?   D:11 *   Orc:1 :   Orc:2 (([   Lair:1 [?*

Annotations:
Orc:2 Saint Roka


Innate Abilities, Weirdness & Mutations

You are too large for most types of armour.
You have tough skin. (AC +1)
You are partially covered in yellow scales. (AC +2)
You are agile. (Dex +2)
You are resistant to hostile enchantments. (MR+)
Your natural rate of healing is unusually fast.
You are resistant to electric shocks. (rElec)


Message History

Saint Roka roars a battlecry!
The orcs go into a battle-frenzy!
The orc wizard shouts!
You closely miss the orc. The orc barely misses you.
The orc shouts!
The orc wizard gestures wildly while chanting.
The orc wizard flickers and vanishes!
Deactivating autopickup; reactivate with Ctrl-A.
As you read the scroll of teleportation, it crumbles to dust.
You feel strangely unstable.
Saint Roka hits you with a war axe of flaming!!
* * * LOW HITPOINT WARNING * * *
Saint Roka burns you.
* * * LOW HITPOINT WARNING * * *
The orc misses you. The orc completely misses you.
Saint Roka calls down the wrath of Beogh upon you.
Beogh smites you!
You die...
Your body crumbles into a pile of gold.

...........##..........##.##.....
..........#.........#.##...#.....
...............#...#.#.#..##..#..
..............#..................
...#####.......#...#...#..####...
..##...##..#....#...#.....#8_#...
..#.)...#..........#......#..#...
..'.)8_.#.........o....##.#)[#.#.
..#.)...#.......@.##o.###.#).#...
..##...##.......#.o.#####.#'##...
...#####..........o..# #.........
...........#....#....######......
.....########...##...$#..$ooo....
#.#.## ##.###......#########
#.### ####.....###. ....###
##...## #.. #.....## ##..#∩ #.. #


You could see Saint Roka and 2 orcs.

Vanquished Creatures
  Gastronok (D:8)
  Kirke (Lair:4)
  Donald (Orc:2)
  2 entropy weavers (D:12)
  An ice dragon (Lair:1)
  Erolcha (Orc:2)
  5 hydras
  A death knight (D:12)
  The ghost of shnurlf the Cleaver, a novice DDFi of Trog (D:9)
  A centaur warrior (D:9)
  A catoblepas (Lair:4)
  10 death yaks (Lair:6)
  A queen ant (D:12)
  An orc high priest (Orc:2)
  A skeletal warrior (D:12)
  An unseen horror (D:10)
  2 orc knights (Orc:2)
  5 hill giants
  Pikel (D:7)
  An oklob plant (Lair:3)
  2 hornets (Lair:6)
  A wolf spider (Lair:6)
  5 slime creatures (D:12)
  An orc sorcerer (Orc:2)
  10 black mambas
  Maurice (Orc:2)
  A guardian serpent (Lair:6)
  A siren (Lair:3)
  16 elephants (Lair:6)
  Joseph (D:7)
  A gargoyle (D:11)
  A kobold demonologist (D:12)
  4 rime drakes
  11 spiny frogs
  9 komodo dragons
  A freezing wraith (D:12)
  3 trolls
  10 polar bears
  25 blink frogs
  A two-headed ogre (Orc:1)
  3 raiju (Lair:6)
  9 hippogriffs
  Prince Ribbit (D:7)
  4 dream sheep (Lair:5)
  2 vampires (D:12)
  A spriggan (D:7)
  10 wyverns
  A wraith (D:12)
  14 yaks
  3 hogs (Lair:4)
  4 basilisks
  5 hungry ghosts
  3 vampire mosquitoes (D:12)
  7 wargs (Lair:6)
  19 soldier ants (D:12)
  18 water moccasins
  12 porcupines
  5 hell hounds (Lair:6)
  35 orc warriors
  4 slaves (D:7)
  An eye of draining (D:11)
  2 phantoms
  7 ogres
  13 black bears (Lair:6)
  3 wasps
  20 ice beasts
  5 sky beasts
  A necrophage (D:6)
  18 wolves
  17 centaurs
  12 crocodiles
  2 big kobolds (D:12)
  13 bullfrogs
  A gnoll sergeant (D:11)
  2 wyvern skeletons
  3 scorpions
  9 killer bees
  2 electric eels (Lair:5)
  A howler monkey (D:8)
  2 bullfrog zombies
  9 crimson imps
  2 centaur zombies
  6 jellies
  A quasit (D:9)
  20 hounds
  20 orc wizards
  2 bullfrog skeletons
  21 orc priests
  10 iguanas
  2 hell rats (D:10)
  30 worker ants
  2 hound zombies (D:6)
  3 hound skeletons
  A howler monkey zombie (D:3)
  A worker ant zombie (D:11)
  12 gnolls
  21 adders
  24 river rats
  A shadow imp (D:11)
  An ooze (D:1)
  4 adder skeletons
  4 worms
  2 dart slugs
  6 leopard geckos
  114 orcs
  2 ball pythons
  7 giant cockroaches
  6 goblins
  7 hobgoblins
  6 jackals
  19 kobolds
  7 quokkas
  7 bats
  12 frilled lizards
  A jackal skeleton (D:5)
  7 rats
  A plant (Lair:6)
839 creatures vanquished.

Vanquished Creatures (others)
  A wolf (Lair:6)
  A hound (Lair:6)
  4 fungi
  15 plants
21 creatures vanquished.

Grand Total: 860 creatures vanquished

Notes
Turn   | Place    | Note
-------+----------+-------------------------------------------
     0 | D:1      | Amnesiac the Ogre Monk began the quest for the Orb.
     0 | D:1      | Reached XP level 1. HP: 24/24 MP: 1/1
   132 | D:2      | Reached XP level 2. HP: 25/32 MP: 2/2
   430 | D:3      | Reached skill level 5 in Maces & Flails
   430 | D:3      | Reached XP level 3. HP: 30/40 MP: 3/3
   830 | D:3      | Found a bloodstained altar of Trog.
   959 | D:3      | Reached XP level 4. HP: 49/49 MP: 4/4
   991 | D:3      | Reached skill level 5 in Fighting
  1365 | D:4      | Reached skill level 6 in Maces & Flails
  1574 | D:4      | Noticed an ogre
  1578 | D:4      | Killed an ogre
  1578 | D:4      | Reached skill level 7 in Maces & Flails
  1578 | D:4      | Reached XP level 5. HP: 59/59 MP: 5/5
  1583 | D:4      | Reached XP level 6. HP: 44/67 MP: 6/6
  1843 | D:4      | Found a sparkling altar of Nemelex Xobeh.
  1843 | D:4      | Found an opulent altar of Gozag.
  1853 | D:4      | Became a worshipper of Gozag Ym Sagoz the Greedy
  3091 | D:2      | Reached skill level 8 in Maces & Flails
  3922 | D:4      | Reached XP level 7. HP: 76/76 MP: 7/7
  4110 | D:5      | Entered Level 5 of the Dungeon
  4110 | D:5      | Found a staircase to the Ecumenical Temple.
  4133 | D:5      | Found a glowing golden altar of the Shining One.
  4269 | D:5      | Reached skill level 9 in Maces & Flails
  4525 | D:5      | Found a burning altar of Makhleb.
  4530 | D:5      | Reached skill level 10 in Maces & Flails
  4674 | D:5      | Reached XP level 8. HP: 86/87 MP: 8/8
  5299 | D:6      | Reached skill level 11 in Maces & Flails
  5846 | D:6      | Reached skill level 12 in Maces & Flails
  6085 | D:7      | Noticed Prince Ribbit
  6093 | D:7      | Killed Prince Ribbit
  6093 | D:7      | Reached XP level 9. HP: 79/98 MP: 9/9
  6113 | D:7      | Noticed Pikel
  6305 | D:7      | Killed Pikel
  6305 | D:7      | Reached skill level 13 in Maces & Flails
  6357 | D:7      | Noticed Joseph
  6402 | D:7      | Killed Joseph
  6402 | D:7      | Reached skill level 10 in Fighting
  6463 | D:7      | Learned a level 2 spell: Blink
  6465 | D:7      | Learned a level 1 spell: Apportation
  6512 | D:7      | Reached skill level 14 in Maces & Flails
  6531 | D:7      | Found a flagged portal.
  6540 | Bailey   | Entered a bailey
  6572 | Bailey   | Gained mutation: You are resistant to hostile enchantments. (MR+) [potion of beneficial mutation]
  7041 | Bailey   | Reached XP level 10. HP: 85/111 MP: 10/10
  7210 | Bailey   | Lost mutation: You are resistant to hostile enchantments. (MR+) [potion of cure mutation]
  7216 | Bailey   | HP: 4/111 [orc warrior/glaive (22)]
  7881 | Bailey   | Reached skill level 15 in Maces & Flails
 10153 | D:7      | HP: 4/115 [killer bee (9)]
 10300 | D:6      | Found an ancient bone altar of Kikubaaqudgha.
 10300 | D:6      | Found a white marble altar of Elyvilon.
 10300 | D:6      | Found a bloodstained altar of Trog.
 10300 | D:6      | Found a stormy altar of Qazlal.
 10563 | D:8      | Found Copum's Food Shop.
 10565 | D:8      | Found Vaobb's Magic Scroll Shop.
 10629 | D:8      | Gained mutation: You are agile. (Dex +2) [potion of beneficial mutation]
 10665 | D:8      | Noticed Gastronok
 10668 | D:8      | Reached skill level 16 in Maces & Flails
 10840 | D:8      | Found Egic's Distillery.
 10856 | D:8      | Bought a potion of mutation for 27 gold pieces
 10856 | D:8      | Gained mutation: Your natural rate of healing is unusually fast. [potion of mutation]
 10856 | D:8      | Lost mutation: You are agile. (Dex +2) [potion of mutation]
 10856 | D:8      | Gained mutation: You are resistant to electric shocks. (rElec) [potion of mutation]
 10860 | D:8      | Found Texi's Magic Scroll Shoppe.
 10872 | D:8      | Bought a scroll of brand weapon for 260 gold pieces
 10955 | D:8      | Killed Gastronok
 10955 | D:8      | Reached skill level 17 in Maces & Flails
 10955 | D:8      | Reached XP level 11. HP: 76/124 MP: 11/11
 11790 | D:9      | Noticed shnurlf's ghost (novice DDFi)
 11813 | D:9      | Noticed a centaur warrior
 11978 | D:8      | Gained mutation: You are resistant to hostile enchantments. (MR+) [potion of mutation]
 11978 | D:8      | Gained mutation: You are partially covered in yellow scales. (AC +2) [potion of mutation]
 11978 | D:8      | Gained mutation: You are agile. (Dex +2) [potion of mutation]
 12060 | D:9      | Killed a centaur warrior
 12060 | D:9      | Reached skill level 18 in Maces & Flails
 12145 | D:10     | Entered Level 10 of the Dungeon
 12261 | D:10     | Found a staircase to the Lair.
 12464 | D:10     | Noticed a hill giant
 12470 | D:10     | Killed a hill giant
 12576 | D:10     | Killed an unseen horror
 12799 | D:10     | Found a snail-covered altar of Cheibriados.
 13182 | D:11     | Found Pemoable's General Store.
 13233 | D:11     | Noticed a hill giant
 13239 | D:11     | Killed a hill giant
 13239 | D:11     | Reached skill level 15 in Fighting
 13239 | D:11     | Reached XP level 12. HP: 110/141 MP: 12/12
 13481 | D:9      | Killed shnurlf's ghost
 14513 | Lair:1   | Entered Level 1 of the Lair of Beasts
 14585 | Lair:1   | Noticed an ice dragon
 14589 | Lair:1   | Killed an ice dragon
 15552 | Lair:1   | Bought an embroidered robe for 27 gold pieces
 15552 | Lair:1   | Bought a glowing cloak for 175 gold pieces
 15609 | Lair:1   | Bought a scroll of brand weapon for 340 gold pieces
 15694 | Lair:2   | Reached skill level 5 in Dodging
 15882 | Lair:2   | Reached XP level 13. HP: 107/158 MP: 13/13
 16748 | Lair:3   | Found a hole to the Spider Nest.
 16934 | Lair:3   | Found a staircase to the Shoals.
 17827 | Lair:3   | Identified a scroll of acquirement
 18983 | Lair:5   | Reached skill level 10 in Dodging
 19735 | Lair:5   | Reached XP level 14. HP: 103/169 MP: 14/14
 19739 | Lair:5   | Reached XP level 15. HP: 109/176 MP: 15/15
 19740 | Lair:5   | Reached XP level 16. HP: 116/185 MP: 16/16
 20144 | Lair:4   | Noticed Kirke
 20154 | Lair:4   | Killed Kirke
 20245 | Lair:6   | Entered Level 6 of the Lair of Beasts
 20787 | Lair:6   | Reached skill level 15 in Dodging
 21125 | Lair:6   | HP: 5/185 [elephant (14)]
 21399 | Lair:6   | Found a staircase to the Slime Pits.
 22258 | Lair:6   | Learned a level 6 spell: Deflect Missiles
 22265 | Lair:6   | Learned a level 6 spell: Haste
 22579 | D:12     | Found a staircase to the Orcish Mines.
 23006 | D:12     | Reached skill level 19 in Maces & Flails
 23023 | D:12     | Reached XP level 17. HP: 100/196 MP: 17/17
 23750 | Orc:1    | Entered Level 1 of the Orcish Mines
 23777 | Orc:1    | Found Plog's Book Shoppe.
 23850 | Orc:1    | Found a roughly hewn altar of Beogh.
 24027 | Orc:2    | Entered Level 2 of the Orcish Mines
 24115 | Orc:2    | Found a staircase to the Elven Halls.
 24150 | Orc:2    | Noticed Donald
 24157 | Orc:2    | Killed Donald
 24303 | Orc:2    | Found a bloodstained altar of Trog.
 24311 | Orc:2    | Noticed Maurice
 24350 | Orc:2    | Killed Maurice
 24356 | Orc:2    | Noticed Erolcha
 24363 | Orc:2    | Killed Erolcha
 24500 | Orc:2    | Found a roughly hewn altar of Beogh.
 24604 | Orc:2    | Found a roughly hewn altar of Beogh.
 24614 | Orc:2    | Found Fojailae's Antique Weapon Emporium.
 24736 | Orc:2    | Found a roughly hewn altar of Beogh.
 24882 | Orc:2    | Found a roughly hewn altar of Beogh.
 24882 | Orc:2    | Found Xetian's Antique Armour Boutique.
 25049 | Orc:2    | Found a roughly hewn altar of Beogh.
 25164 | Orc:2    | Found a roughly hewn altar of Beogh.
 25164 | Orc:2    | Found Eleru's Antique Weapon Boutique.
 25164 | Orc:2    | Noticed Saint Roka
 25225 | Orc:2    | Reached skill level 20 in Maces & Flails
 25243 | Orc:2    | Killed from afar by Saint Roka

Vault maps used:
D:1:      dpeg_arrival_rhombi, minmay_lizard_king
D:3:      hex_tiny, bloody_trog
D:4:      grunt_temple_overflow_opulence, first_bread, serial_park_tiny_1
D:5:      old_standard_altar, nicolae_tso_swordbearing_angel
D:6:      nicolae_overflow_hidden_temple
D:7:      enter_bailey_2, the_bakery, minmay_misc_feat_ornament, uniq_joseph,
          uniq_pikel, uniq_prince_ribbit1
D:8:      serial_shops, shop, shop, shop_statue, shop, uniq_gastronok
D:9:      serial_glass, glass_columns_a, glass_columns_a, grunt_potential
D:10:     dpeg_lair_monsters, basic_altar
D:11:     serial_shops, nicolae_shop_trees
D:12:     orc_david_3, zaba_antful_of_joy
Lair:1:   minmay_guarded_unrand_chilly_death
Lair:2:   beast_lair_carwin_1, grunt_megastairs_2, lemuel_fruit_fields
Lair:3:   minmay_shoals_entry_lonely_mermaid, spider_nest_entry_web_field
Lair:4:   kennysheep_catoblepas_arena, uniq_kirke
Lair:5:   lookout_lair_type, serial_bayou_shore_a, grunt_megastairs_1
Lair:6:   hangedman_lair_tendril_chambers, hangedman_lair_caniforms_friends,
          dpeg_slime_entry_corner, patterned_corridor
Orc:1:    serial_shops, shop_statue, basic_altar
Orc:2:    grunt_orc_community_town_hall, grunt_orc_community_big_house_1,
          grunt_orc_community_big_house_1, grunt_orc_community_house_2,
          grunt_orc_community_house_2, grunt_orc_community_house_2,
          grunt_orc_community_house_3, basic_altar, uniq_donald, uniq_maurice,
          uniq_erolcha
Bailey:   bailey_polearm_flooded_kennysheep, bailey

Skill      XL: |  1  2  3  4  5  6  7  8  9 10 11 12 13 14 15 16 17 |
---------------+----------------------------------------------------+-----
Maces & Flails | 5 7 8 10 12 14 17 18 19 20 | 20.0
Fighting       | 5 6 7 9 10 12 15 18 19 | 19.1
Dodging        | 5 11 12 13 16 | 16.0
Stealth        | |  1.5

Action                   |  1- 3 |  4- 6 |  7- 9 | 10-12 | 13-15 | 16-18 || total
-------------------------+-------+-------+-------+-------+-------+-------++-------
Melee: Mace              |    22 |       |       |       |       |       ||    22
       Flail             |    81 |   129 |       |       |       |       ||   210
       Giant club        |       |    32 |   210 |   624 |   315 |   837 ||  2018
       Glaive            |       |       |       |    37 |       |       ||    37
Throw: Large rock        |       |     4 |    12 |    27 |     6 |     2 ||    51
       Javelin           |       |       |       |     3 |     2 |       ||     5
Invok: Potion Petition   |       |       |     1 |     2 |       |       ||     3
       Call Merchant     |       |       |       |     3 |       |       ||     3
Evoke: Wand              |       |       |       |     4 |       |       ||     4
  Use: Scroll            |       |    14 |     4 |    10 |    12 |     2 ||    42
       Potion            |       |       |     3 |    10 |     2 |     3 ||    18
 Stab: Sleeping          |     3 |     3 |     4 |     4 |     6 |     1 ||    21
       Paralysed         |       |       |       |     5 |       |       ||     5
       Distracted        |       |       |       |     7 |       |    12 ||    19
       Invisible         |       |       |       |     1 |       |       ||     1
  Eat: Chunk             |       |     4 |       |       |       |       ||     4
       Meat ration       |       |     1 |     1 |     2 |     2 |     2 ||     8
       Royal jelly       |       |       |     2 |     2 |       |       ||     4
       Fruit             |       |       |     3 |     1 |     6 |     6 ||    16
       Bread ration      |       |       |       |     6 |       |       ||     6
       Beef jerky        |       |       |       |       |     2 |       ||     2
       Pizza             |       |       |       |       |       |     2 ||     2
Armor: Robe              |    29 |    38 |    38 |   136 |    53 |   139 ||   433
Dodge: Dodged            |    52 |    81 |   106 |   284 |   159 |   627 ||  1309
